 Dungeon Crawl Stone Soup version 0.24-a0-471-g3302cd4 (webtiles) character file.

Game seed: 17118112486465204181

100 Bitman the Cudgeler (level 4, 0/41 HPs)
             Began as a Minotaur Berserker on July 5, 2019.
             Was a Believer of Trog.
             Killed from afar by an electric eel (10 damage)
             ... with a bolt of electricity
             ... on level 3 of the Dungeon.
             The game lasted 00:04:04 (1762 turns).

Bitman the Cudgeler (Minotaur Berserker)            Turns: 1762, Time: 00:04:04

Health: 0/41       AC:  9    Str: 23    XL:     4   Next: 46%
Magic:  3/3        EV:  9    Int:  4    God:    Trog [**....]
Gold:   97         SH:  0    Dex:  9    Spells: 3/3 levels left

rFire    + . .     SeeInvis .   b - +1 whip (elec)
rCold    x . .     Gourm    .   (no shield)
rNeg     + . .     Faith    .   l - +0 chain mail
rPois    .         Spirit   .   (helmet restricted)
rElec    .         Reflect  .   (no cloak)
rCorr    .         Harm     .   (no gloves)
MR       .....                  (no boots)
Stlth    ..........             (no amulet)
HPRegen  0.13/turn              m - ring of positive energy
MPRegen  0.08/turn              q - ring of fire

@: no status effects
A: retaliatory headbutt, horns 2
a: Berserk, Trog's Hand, Renounce Religion


You were on level 3 of the Dungeon.
You worshipped Trog.
Trog was pleased with you.
You were not hungry.

You visited 1 branch of the dungeon, and saw 3 of its levels.

You collected 97 gold pieces.

Inventory:

Hand Weapons
 b - a +1 whip of electrocution (weapon)
Missiles
 d - 19 stones (quivered)
Armour
 l - a +0 chain mail (worn)
Jewellery
 m - a ring of positive energy (left hand)
 n - an uncursed amulet of the gourmand {unknown}
 q - a ring of fire (right hand)
Wands
 s - a wand of flame (17)
Scrolls
 e - a scroll of blinking {unknown}
 f - a scroll of fear {unknown}
 h - a scroll of remove curse {unknown}
 i - a scroll of identify {unknown}
 j - 3 scrolls of enchant weapon {unknown}
 k - 3 scrolls of teleportation {unknown}
 o - 2 scrolls of random uselessness {unknown}
 p - a scroll of enchant armour {unknown}
Potions
 a - 2 potions of heal wounds {unknown}
 g - 4 potions of curing {unknown}
Comestibles
 c - 3 rations
 r - 8 chunks of flesh


   Skills:
 + Level 4.4 Fighting
 * Level 4.7 Maces & Flails
 + Level 3.4 Armour
 + Level 3.1 Dodging


You had 3 spell levels left.
You didn't know any spells.
Your spell library was empty.

Dungeon Overview and Level Annotations

Branches:
Dungeon (3/15)

Altars:
Makhleb
Okawaru

Annotations:
D:3 1 transporter


Innate Abilities, Weirdness & Mutations

You reflexively headbutt those who attack you in melee.
You have a pair of horns on your head.


Message History

You butcher the orc corpse.
r - 10 chunks of flesh (gained 4)
Things that are here:
a +0 mace; an orc skeleton
There is a transporter here.
Eat one of 10 chunks of flesh? (ye/n/q)
You eat one of the 10 chunks of flesh.
This raw flesh tastes terrible.
You are feeling hungry.
Eat one of 9 chunks of flesh? (ye/n/q)
You eat one of the 9 chunks of flesh.
This raw flesh tastes terrible.
You enter the transporter and appear at another place.
s - a wand of flame (17)
You open the door.
The electric eel shoots out a bolt of lightning at you!
The bolt of electricity hits you! x2
The electric eel shoots out a bolt of lightning at you!
The bolt of electricity hits you!
* * * LOW HITPOINT WARNING * * *
The bolt of electricity hits you!
You die...

.. ..#.# #####....# #####.#
##...# .....#############...#
......(..............
#..................#.
#)###############)... ####
##)#8P#;;≈≈≈≈≈#P8#.#..
###...##).#..#.......#..#....
##......).©#©@'...♣...+$©#©...
...........#..#.......#..#....
....######.#8P#;;≈≈≈≈≈#P8#.#..
.. #.###############.#..
#........)........#..
##################... .#. .#
.#


You could see 4 electric eels.

Vanquished Creatures
  An orc wizard (D:3)
  An adder (D:2)
  A worm (D:2)
  6 orcs (D:3)
  2 ball pythons
  6 bats
  2 giant cockroaches
  6 goblins
  6 hobgoblins
  A quokka (D:2)
  2 frilled lizards (D:1)
  8 kobolds
  8 rats
50 creatures vanquished.

Notes
Turn   | Place    | Note
-------+----------+-------------------------------------------
     0 | D:1      | Bitman the Minotaur Berserker began the quest for the Orb.
     0 | D:1      | Reached XP level 1. HP: 19/19 MP: 0/0
   110 | D:1      | Reached XP level 2. HP: 22/27 MP: 1/1
   786 | D:2      | Reached XP level 3. HP: 32/33 MP: 2/2
   944 | D:2      | Found a burning altar of Makhleb.
   982 | D:2      | Reached ** piety under Trog
  1085 | D:2      | Found an iron altar of Okawaru.
  1523 | D:3      | Reached XP level 4. HP: 41/41 MP: 3/3
  1676 | D:3      | Found a transporter.
  1696 | D:3      | Found a transporter.
  1762 | D:3      | Killed from afar by an electric eel

Levels and vault maps discovered:
D:1:      elethiomel_arrival_infinity_welcomes_careful_drivers, layout_rooms,
          serial_bayou_crossing
D:2:      layout_basic, lightli_temple_of_fire, kennysheep_okawaru_gauntlet
D:3:      gammafunk_steamed_eel, layout_basic, grunt_temple_overflow_opulence,
          lemuel_zombie_altar_yredelemnul, serial_curves, eino_curves_01,
          eino_curves_03, chequers_ecumenical_altar_simple, uniq_robin

Skill      XL: |  1  2  3 |
---------------+----------+-----
Maces & Flails | 4 |  4.7
Fighting       | 4 |  4.4
Armour         | 3 |  3.4
Dodging        | 3 |  3.1

Action                   |  1- 3 |  4- 6 || total
-------------------------+-------+-------++-------
Melee: Whip              |    76 |    14 ||    90
       Mace              |     5 |       ||     5
       Headbutt          |     8 |     2 ||    10
Throw: Stone             |     9 |       ||     9
Invok: Berserk           |     1 |       ||     1
  Eat: Chunk             |     1 |     3 ||     4
Armor: Ring mail         |    24 |       ||    24
       Chain mail        |    18 |     4 ||    22
Dodge: Dodged            |    50 |     4 ||    54

Table legend:
 A = Non-vault XP
 B = Vault XP
 C = Vault XP percentage of total XP
 D = Non-vault monster count
 E = Vault monster count
 F = Vault count percentage of total count
                 A         B        C        D         E       F
            +---------+---------+-------+---------+---------+-------
      Total |     139 |       4 |   2.8 |      48 |       2 |   4.0
            +---------+---------+-------+---------+---------+-------
        D:1 |      34 |       0 |   0.0 |      23 |       0 |   0.0
        D:2 |      38 |       4 |   9.5 |      14 |       2 |  12.5
        D:3 |      67 |       0 |   0.0 |      11 |       0 |   0.0
            +---------+---------+-------+---------+---------+-------
